 Dungeon Crawl Stone Soup version 0.27.1-33-g824d729ab1 (webtiles) character file.

Game seed: 3225756044655884197

81 hilljack the Digger (level 4, -4/24 HPs)
             Began as a Gargoyle Earth Elementalist on Nov 25, 2021.
             Was a Plaything of Xom.
             Slain by an orange demon (9 damage)
             ... summoned by Xom
             ... on level 3 of the Dungeon.
             The game lasted 00:03:40 (2654 turns).

hilljack the Digger (Gargoyle Earth Elementalist)   Turns: 2654, Time: 00:03:40

Health: -4/24      AC:  5    Str: 12    XL:     4   Next: 40%
Magic:  7/7        EV: 12    Int: 22    God:    Xom [......]
Gold:   79         SH:  0    Dex: 18    Spells: 6/7 levels left

rFire    . . .     SeeInvis .   d - +1 dagger (elec)
rCold    . . .     Faith    .   (no shield)
rNeg     + . .     Spirit   .   b - +0 robe
rPois    ∞         Reflect  .   (no helmet)
rElec    +         Harm     .   (no cloak)
rCorr    .         Rampage  .   (no gloves)
Will     .....                  (no boots)
Stlth    ++........             (no amulet)
HPRegen  0.08/turn              l - +6 ring of intelligence
MPRegen  0.10/turn              m - +6 ring of dexterity

@: no status effects
A: sickness immunity, AC +3, negative energy resistance 1, electricity
resistance, torment resistance 1, petrification resistance, agile 1, screaming
1, no potion heal 1
a: Renounce Religion


You were on level 3 of the Dungeon.
You worshipped Xom.
You were a very special plaything of Xom.
You visited 1 branch of the dungeon, and saw 3 of its levels.

You collected 79 gold pieces.

Inventory:

Hand Weapons
 a - a +0 dagger
 d - a +1 dagger of electrocution (weapon)
Missiles
 c - 108 stones
 g - 5 datura-tipped darts
Armour
 b - a +0 robe (worn)
Jewellery
 f - a ring of resist corrosion
 h - a ring of protection from cold
 l - a +6 ring of intelligence (left hand)
 m - a +6 ring of dexterity (right hand)
Scrolls
 e - 2 scrolls of immolation
 j - 2 scrolls of vulnerability
 k - a scroll of fear {unknown}
Potions
 i - a potion of haste


   Skills:
 + Level 3.2 Short Blades
 - Level 1.5 Dodging
 - Level 2.1 Stealth
 - Level 2.0 Spellcasting
 - Level 0.7 Transmutations
 - Level 4.1 Earth Magic


You had 6 spell levels left.
You knew the following spells:

 Your Spells              Type           Power      Damage    Failure   Level
a - Sandblast             Erth           40%        2d10      2%          1

Your spell library contained the following spells:

 Spells                   Type           Power      Damage    Failure   Level
 Passwall                 Tmut/Erth      10%        N/A       8%          2
 Stone Arrow              Conj/Erth      22%        3d8       19%         3
 Petrify                  Tmut/Erth      12%        N/A       45%         4


Dungeon Overview and Level Annotations

Branches:
Dungeon (3/15)

Altars:
Hepliaklqana
Xom


Innate Abilities, Weirdness & Mutations

You are immune to sickness and miasma.
Your stone body is resilient. (AC +3)
You are immune to poison.
You resist negative energy. (rN+)
You are resistant to electric shocks. (rElec)
You are resistant to unholy torment.
You are immune to petrification.
You are agile. (Dex +2)
You occasionally shout uncontrollably at your foes.
Potions are less effective at restoring your health.


Message History

A ball python comes into view.
The ball python hisses angrily.
You hit the ball python.
Lightning courses through the ball python!!
You kill the ball python!
No target in view!
No target in view!
No target in view!
No target in view!
No target in view!
No target in view!
No target in view!
No target in view!
No target in view!
Found 24 bolts.
Found 18 stones.
c - 108 stones (gained 18) "Let's see if it's strong enough to survive yet."
You see here 24 bolts.
You hit the orange demon.
The orange demon is lightly wounded.
There are monsters nearby!
You closely miss the orange demon.
The orange demon is lightly wounded.
The orange demon misses you. x2
The red devil hits you from afar with a +0 trident!!
Ouch! That really hurt!
* * * LOW HITPOINT WARNING * * *
You are too injured to fight recklessly!
You are too injured to fight recklessly!
You are too injured to fight recklessly!
You are too injured to fight recklessly!
You are too injured to fight recklessly!
You are too injured to fight recklessly!
You are too injured to fight recklessly!
You hit the orange demon but do no damage.
Lightning courses through the orange demon!
The orange demon is lightly wounded.
The orange demon stings you!
You die...

###.#.........
##.#.###..>.. #.#..#
###..# #...#####..#
##.......... #.######...
##.## ##..<
..###########...####....
.....54@.4.........+....
...##########...####....
##.#.## ##... #.###.#
##.. ##.#..# ##. ##.#.#
## ###.# # #.# ## #.#
##.


You could see an orange demon (summoned), a red devil (summoned) and an iron imp
(summoned).

Vanquished Creatures
  4 adders
  A worm (D:2)
  3 endoplasms
  A giant cockroach (D:3)
  4 goblins
  2 hobgoblins (D:3)
  2 jackals (D:2)
  2 quokkas
  5 ball pythons
  3 bats
  6 frilled lizards
  5 kobolds
  5 rats
43 creatures vanquished.

Notes
Turn   | Place    | Note
-------+----------+-------------------------------------------
     0 | D:1      | hilljack the Gargoyle Earth Elementalist began the quest
                  | for the Orb.
     0 | D:1      | Reached XP level 1. HP: 10/10 MP: 3/3
   100 | D:1      | Reached skill level 4 in Earth Magic
   254 | D:1      | Found a faded altar of an unknown god.
   399 | D:1      | Reached XP level 2. HP: 15/15 MP: 5/5
   406 | D:1      | Became a worshipper of Xom the Elder Chaos God
   522 | D:1      | XOM: divination: detect items
   680 | D:1      | XOM: silly message
   695 | D:1      | Reached skill level 1 in Short Blades
   767 | D:1      | XOM: noise
   943 | D:1      | XOM: silly message
  1272 | D:2      | XOM: smoke on damage
  1280 | D:2      | Reached XP level 3. HP: 8/19 MP: 2/6
  1756 | D:2      | XOM: noise
  1762 | D:2      | Reached XP level 4. HP: 22/24 MP: 7/7
  2044 | D:2      | Found a hazy altar of Hepliaklqana.
  2160 | D:2      | XOM: noise
  2211 | D:2      | XOM: give mutations
  2211 | D:2      | Gained mutation: You occasionally shout uncontrollably at
                  | your foes. [Xom's mischief]
  2211 | D:2      | Gained mutation: Potions are less effective at restoring
                  | your health. [Xom's mischief]
  2211 | D:2      | Gained mutation: You are agile. (Dex +2) [Xom's mischief]
  2547 | D:3      | XOM: 3-stop teleportation journey
  2651 | D:3      | XOM: summons 3 hostile demons
  2652 | D:3      | Noticed an orange demon
  2652 | D:3      | Noticed a red devil
  2654 | D:3      | Slain by an orange demon

Illustrated notes

Levels and vault maps discovered:
D:1:      sevenhm_arrival_forest_fort_large_2, layout_basic,
          hellmonk_ecumenical_altar_blasted
D:2:      layout_basic, basic_altar
D:3:      minmay_bubble_buster, layout_loops_corners,
          worldfamousw_hep_ancestral_shrine, mainiacjoe_overflow_divided_tiny,
          minmay_misc_feat_square, uniq_robin

Skill      XL: |  1  2  3  4 |
---------------+-------------+-----
Earth Magic    | 4 |  4.1
Short Blades   | 1 2 3 |  3.2
Dodging        | |  1.5
Stealth        | |  2.1
Spellcasting   | |  2.0
Transmutations | |  0.7

Action                   |  1- 3 |  4- 6 || total
-------------------------+-------+-------++-------
Melee: Dagger            |    53 |    50 ||   103
 Cast: Sandblast         |    13 |       ||    13
  Use: Scroll            |       |     3 ||     3
 Stab: Sleeping          |       |     3 ||     3
Armor: Robe              |    21 |    13 ||    34
Dodge: Dodged            |    31 |    21 ||    52
